[Event "Team 45 45 League T48"]
[Site "Internet Chess Club"]
[Date "2011.03.13"]
[Round "5"]
[White "ivanson"]
[Black "ChessAuthor"]
[Result "1-0"]
[WhiteElo "1841"]
[BlackElo "1744"]
[Opening "Alekhine's defense: modern variation, 4...Bg4"]
[ECO "B05"]
[Time "14:06:24"]
[TimeControl "2700+45"]

1. e4 Nf6 2. e5 Nd5 3. d4 d6 4. Nf3 Bg4 5. Be2 Nc6 6. O-O g6 7. h3 Bxf3 8. Bxf3
e6 9. exd6 Qxd6 10. c4 Nb6 11. c5 Qd7 12. cxb6 axb6 13. Be3 Bg7 14. Nc3 O-O 15.
Bxc6 Qxc6 16. Qb3 Rfd8 17. Rfd1 Ra5 18. Rac1 h5 19. Ne2 Qd7 20. Bf4 Rc8 21. a3
Rb5 22. Qa4 c6 23. b4 Rd5 24. Be5 b5 25. Qb3 Rd8 26. Bxg7 Kxg7 27. Qg3 Kh7 28.
Nc3 Rxd4 29. Rxd4 Qxd4 30. Rd1 Qh8 31. Rxd8 Qxd8 32. Qf4 Qd7 33. Kh2 Kg7 34. Ne4
Qd4 35. Qf3 f6 36. Nc5 Qd6+ 37. Qg3 Qe7 38. Qb8 Kh6 39. Nxb7 Qd7 40. Qf4+ Kg7
41. Nc5 Qd5 42. Qe4 Kf7 43. Qf4 g5 44. Qe4 f5 45. Qe3 Kf6 46. g3 e5 47. h4 f4
48. hxg5+ Kxg5 49. gxf4+ exf4 50. Qe7+ Kf5 51. Qh7+ Kg5 52. Ne4+ Kh4 53. Qe7+
{Black resigns} 1-0

[Event "Team 45 45 League T48"]
[Site "Internet Chess Club"]
[Date "2011.03.14"]
[Round "5"]
[White "PandorasBox"]
[Black "MikeA"]
[Result "1-0"]
[WhiteElo "1928"]
[BlackElo "2166"]
[Opening "English: symmetrical variation"]
[ECO "A38"]
[Time "18:03:41"]
[TimeControl "2700+45"]

1. c4 c5 2. g3 g6 3. Bg2 Bg7 4. Nc3 Nc6 5. Nf3 Nf6 6. O-O O-O 7. Rb1 d6 8. a3
Be6 9. d3 Qd7 10. Ng5 Bf5 11. e4 Bg4 12. f3 Be6 13. Nxe6 fxe6 14. Be3 Rad8 15.
Bh3 b6 16. Nd5 Nh5 17. Qa4 Nd4 18. Qxd7 Rxd7 19. Bxd4 cxd4 20. Bxe6+ {Black
resigns} 1-0

[Event "Team 45 45 League T48"]
[Site "Internet Chess Club"]
[Date "2011.03.12"]
[Round "5"]
[White "RedAttack"]
[Black "Deckfuel"]
[Result "0-1"]
[WhiteElo "1901"]
[BlackElo "1909"]
[Opening "Queen's pawn game"]
[ECO "A46"]
[Time "13:00:46"]
[TimeControl "2700+45"]

1. d4 Nf6 2. Nf3 e6 3. g3 c5 4. Bg2 d5 5. O-O Nc6 6. c3 Qb6 7. e3 Be7 8. Nbd2
O-O 9. Nb3 Nd7 10. Re1 f5 11. Qe2 c4 12. Nbd2 Qa5 13. Kh1 b5 14. Ng1 b4 15. Nxc4
Qb5 16. Nd2 Qxe2 17. Nxe2 bxc3 18. bxc3 Rb8 19. Nf4 Nf6 20. c4 g5 21. cxd5 Nb4
22. Rb1 gxf4 23. a3 Na6 24. Rxb8 Nxb8 25. exf4 Ng4 26. dxe6 Nxf2+ 27. Kg1 Nd3
28. Rd1 Nxc1 29. Rxc1 Bxa3 30. Ra1 Bb2 31. Ra4 Bxe6 32. Nf3 Bd5 33. Ne5 Bxg2 34.
Kxg2 Rd8 35. Rxa7 Bxd4 36. Ra5 Bxe5 37. Rxe5 Rf8 38. Kh3 Nc6 39. Rc5 Ne7 40. Re5
Ng6 41. Ra5 Kg7 42. Ra7+ Rf7 43. Rxf7+ Kxf7 44. Kg2 Kf6 45. Kf3 Ne7 46. h3 Nd5
47. g4 Kg6 48. Kg3 Nc7 49. Kh4 Ne6 50. gxf5+ Kxf5 51. Kh5 Nf8 52. Kh6 Kxf4 53.
h4 Kf5 54. Kh5 Kf6 55. Kh6 Kf7 56. h5 Kg8 57. Kg5 Kg7 58. h6+ Kf7 59. Kf5 Nd7
60. Kg5 Ke6 {White resigns} 0-1

[Event "Team 45 45 League T48"]
[Site "Internet Chess Club"]
[Date "2011.03.13"]
[Round "5"]
[White "Boromir"]
[Black "CaoCao"]
[Result "1/2-1/2"]
[WhiteElo "1934"]
[BlackElo "1906"]
[Opening "Scotch gambit: Dubois-Réti defense"]
[ECO "C55"]
[Time "16:30:25"]
[TimeControl "2700+45"]

1. e4 e5 2. Nf3 Nc6 3. Bc4 Nf6 4. d4 exd4 5. e5 d5 6. Bb5 Ne4 7. Nxd4 Bd7 8.
Bxc6 bxc6 9. O-O Bc5 10. f3 Ng5 11. Be3 Qe7 12. Qd2 h6 13. Nc3 Bb4 14. Nb3 Ne6
15. a3 Bc5 16. Nxc5 Nxc5 17. Qf2 Ne6 18. Bxa7 O-O 19. Be3 f5 20. f4 Bc8 21. b4
Ba6 22. Rfd1 Bc4 23. Ne2 Bxe2 24. Qxe2 Rfb8 25. Qf2 Ra4 26. c3 Rba8 27. Qb2 g5
28. g3 gxf4 29. gxf4 Qh4 30. Qg2+ Kh7 31. Kh1 Rxa3 32. Rxa3 Rxa3 33. Rg1 Qg4 34.
Qf2 Qh5 35. Bd4 Ra8 36. Qg2 Qf7 37. Be3 Rg8 38. Qxg8+ Qxg8 39. Rxg8 Kxg8 40. Kg2
Kf7 41. Kf3 Kg6 42. Kg3 {Game drawn by mutual agreement} 1/2-1/2

[Event "Team 45 45 League T48"]
[Site "Internet Chess Club"]
[Date "2011.03.14"]
[Round "5"]
[White "primerpaso"]
[Black "zachi"]
[Result "1/2-1/2"]
[WhiteElo "1773"]
[BlackElo "1939"]
[Opening "English: Caro-Kann defensive system"]
[ECO "A11"]
[Time "23:06:08"]
[TimeControl "2700+45"]

1. c4 c6 2. Nc3 d5 3. cxd5 cxd5 4. d4 Nf6 5. g3 Nc6 6. Bg2 Bf5 7. Nf3 e6 8. O-O
h6 9. Bf4 a6 10. Rc1 Be7 11. h3 O-O 12. Na4 Ne4 13. a3 Rc8 14. g4 Bh7 15. b4 f5
16. e3 fxg4 17. hxg4 Bd6 18. Bxd6 Qxd6 19. Nc5 Nxc5 20. dxc5 Qe7 21. Nd4 Ne5 22.
Nxe6 Be4 23. Nxf8 Rxf8 24. f3 Bd3 25. Rf2 Qh4 26. Rd2 Qg3 27. f4 Nxg4 28. Rxd3
Qf2+ 29. Kh1 Qh4+ 30. Kg1 Qf2+ 31. Kh1 Qh4+ 32. Kg1 Qf2+ {Game drawn by
repetition} 1/2-1/2

[Event "Team 45 45 League T48"]
[Site "Internet Chess Club"]
[Date "2011.03.13"]
[Round "5"]
[White "rubo"]
[Black "mitus"]
[Result "0-1"]
[WhiteElo "1667"]
[BlackElo "1813"]
[Opening "Bird's opening"]
[ECO "A03"]
[Time "15:00:38"]
[TimeControl "2700+45"]

1. f4 d5 2. Nf3 Nc6 3. e3 g6 4. Bb5 Bd7 5. O-O Nf6 6. Nc3 Bg7 7. d4 O-O 8. Bd2
a6 9. Bxc6 Bxc6 10. Ne5 Nd7 11. Nxc6 bxc6 12. Na4 Qb8 13. Rb1 Qb5 14. b3 c5 15.
Bc3 e6 16. Qd2 cxd4 17. exd4 Rfc8 18. Bb4 Rab8 19. Ba3 Bf8 20. Bxf8 Kxf8 21. Qe3
c5 22. dxc5 Nxc5 23. Nxc5 Qxc5 24. Qxc5+ Rxc5 25. Rf2 Rbc8 26. Rb2 Ke7 27. b4
Rc4 28. a4 Rb8 29. c3 Rxc3 30. b5 axb5 31. axb5 Rb6 32. Rf1 Rc5 33. Rfb1 f6 34.
Kf2 e5 35. fxe5 fxe5 36. Ke3 Ke6 37. Rb3 g5 38. g4 e4 39. R1b2 Ke5 40. Rb4 Rc3+
41. Kd2 d4 42. Rc2 Rxc2+ 43. Kxc2 Kd5 44. Rb1 Kc4 45. Rf1 Rxb5 46. Rf7 d3+ 47.
Kc1 e3 48. Rxh7 d2+ 49. Kc2 Rb2+ 50. Kxb2 d1=Q 51. Rc7+ Kb5 52. Rc1 e2 {White
resigns} 0-1

[Event "Team 45 45 League T48"]
[Site "Internet Chess Club"]
[Date "2011.03.15"]
[Round "5"]
[White "clarinetref"]
[Black "Portola"]
[Result "1/2-1/2"]
[WhiteElo "1617"]
[BlackElo "1795"]
[Opening "Queen's gambit declined"]
[ECO "D30"]
[Time "19:02:28"]
[TimeControl "2700+45"]

1. c4 e6 2. d4 d5 3. e3 Nf6 4. Nc3 Be7 5. Nf3 O-O 6. Bd3 dxc4 7. Bxc4 b6 8. Qe2
Bb7 9. O-O Nbd7 10. Ba6 Qc8 11. Bxb7 Qxb7 12. a3 c5 13. dxc5 Nxc5 14. b4 Nb3 15.
Rb1 Nxc1 16. Rbxc1 Rac8 17. Qb2 Rfd8 18. Nd4 Ng4 19. h3 Ne5 20. Nce2 Nd3 21. Qb1
Nxc1 22. Nxc1 Bf6 23. Nf3 Qc7 24. Nb3 Qc2 25. Nbd4 Qxb1 26. Rxb1 a6 27. b5 axb5
28. Nxb5 Ra8 29. Rb3 h6 30. g3 Ra5 31. Nfd4 Raa8 32. Nc6 Rd1+ 33. Kg2 Rc8 34.
Nba7 Rc7 35. Rxb6 Rc1 36. a4 Be7 37. Nxe7+ Rxe7 38. Rb8+ Kh7 39. Nb5 Ra1 40. Ra8
Rb7 41. Nd6 Rd7 42. Ne4 Rd5 43. Ra7 Kg6 44. g4 f5 45. gxf5+ exf5 46. Nc3 Rd3 47.
Ne2 Kh7 48. Nf4 Rd6 49. Nh5 Rg6+ 50. Kf3 Rh1 51. Nf4 Rd6 52. a5 Ra1 53. Nh5 Rg6
54. Nf4 {Game drawn by mutual agreement} 1/2-1/2

[Event "Team 45 45 League T48"]
[Site "Internet Chess Club"]
[Date "2011.03.13"]
[Round "5"]
[White "g8wrb"]
[Black "tryanything"]
[Result "1/2-1/2"]
[WhiteElo "1475"]
[BlackElo "1554"]
[Opening "Ruy Lopez: Schliemann defense"]
[ECO "C63"]
[Time "03:30:34"]
[TimeControl "2700+45"]

1. e4 e5 2. Nf3 Nc6 3. Bb5 f5 4. d3 fxe4 5. dxe4 Nf6 6. Nc3 Bb4 7. Qd3 d6 8. O-O
Bd7 9. Bg5 a6 10. Ba4 h6 11. Be3 Bxc3 12. bxc3 O-O 13. c4 Nb4 14. Qb3 Bxa4 15.
Qxa4 a5 16. c3 Nd3 17. Qc2 Nf4 18. Rad1 Qe7 19. Rfe1 b6 20. Bxf4 exf4 21. e5
dxe5 22. Nxe5 Rae8 23. Nf3 Qc5 24. Rxe8 Rxe8 25. Rd4 Qe7 26. Kf1 Ne4 27. Qc1
Nxc3 28. Qxc3 Qe2+ 29. Kg1 Qxa2 30. Qd2 Qa1+ 31. Qd1 Qa2 32. Rd8 Rxd8 33. Qxd8+
Kh7 34. Qd3+ Kh8 35. h3 a4 36. Nd2 Qa1+ 37. Qb1 Qc3 38. Qa2 a3 39. Nb1 Qb2 40.
Qxb2 axb2 41. Kf1 g5 42. Ke2 Kg7 43. Kd2 Kf6 44. Kc2 Ke5 45. Kxb2 Kd4 46. Nd2
Kd3 47. Kc1 Ke2 48. Ne4 Kf1 49. g3 fxg3 50. fxg3 Kg2 51. Kd2 Kxh3 52. Ke3 Kg4
53. Kf2 Kf5 54. Nd2 h5 55. Nf3 h4 56. gxh4 gxh4 57. Nxh4+ Kf4 58. Ke2 Ke4 59.
Nf3 c6 60. Nd2+ Kd4 61. Kd1 Kc3 62. Kc1 b5 63. cxb5 cxb5 64. Kb1 b4 65. Nf3
{Game drawn by mutual agreement} 1/2-1/2

[Event "Team 45 45 League T48"]
[Site "Internet Chess Club"]
[Date "2011.03.14"]
[Round "5"]
[White "PostMike"]
[Black "AtomicDog"]
[Result "1-0"]
[WhiteElo "1467"]
[BlackElo "1349"]
[Opening "Sicilian: Najdorf, Byrne (English) attack"]
[ECO "B90"]
[Time "14:34:35"]
[TimeControl "2700+45"]

1. e4 c5 2. Nf3 d6 3. d4 cxd4 4. Nxd4 Nf6 5. Nc3 a6 6. Be3 e6 7. f4 Be7 8. Qf3
Qc7 9. O-O-O Nbd7 10. g4 Nc5 11. g5 Nfd7 12. h4 b5 13. Nb3 b4 14. Nxc5 Nxc5 15.
Bxc5 bxc3 16. Ba3 cxb2+ 17. Bxb2 O-O 18. Qc3 Qxc3 19. Bxc3 Bb7 20. Bd3 Rfc8 21.
Bb2 Rc5 22. Rhe1 e5 23. f5 f6 24. g6 h6 25. Ba3 Ra5 26. Bc4+ Kh8 27. Bxd6 Bxd6
28. Rxd6 Rc5 29. Bb3 Rcc8 30. Kd2 Rd8 31. Rxd8+ Rxd8+ 32. Ke3 Rd4 33. Kf3 a5 34.
a4 Bc6 35. c3 Rd3+ 36. Re3 Rd2 37. Bc2 Rxc2 38. Rd3 Be8 39. Rd8 Rxc3+ 40. Ke2
Rc2+ 41. Kd3 {Black resigns} 1-0

[Event "Team 45 45 League T48"]
[Site "Internet Chess Club"]
[Date "2011.03.12"]
[Round "5"]
[White "aphort0212"]
[Black "vaknight"]
[Result "0-1"]
[WhiteElo "1627"]
[BlackElo "1751"]
[Opening "Pirc: Holmov system"]
[ECO "B07"]
[Time "15:00:26"]
[TimeControl "2700+45"]

1. e4 d6 2. d4 Nf6 3. Nc3 g6 4. Bc4 Bg7 5. Nf3 O-O 6. Be3 Nxe4 7. Nxe4 d5 8. Bd3
dxe4 9. Bxe4 Nd7 10. O-O Nf6 11. Bd3 Nd5 12. Bd2 Bg4 13. c3 Qd6 14. h3 Bxf3 15.
Qxf3 e5 16. dxe5 Qxe5 17. Rfe1 Qd6 18. Bg5 h6 19. Bd2 Rad8 20. Be4 c6 21. Rad1
Qc5 22. h4 Rd6 23. h5 Nf6 24. Be3 Qe5 25. Bf4 Rxd1 26. Bxe5 Rxe1+ 27. Kh2 Nxe4
28. Bf4 Re8 29. hxg6 fxg6 30. Be3 Re5 31. g4 h5 32. Qf4 hxg4 33. Kg2 g3 34. f3
Re2+ 35. Kg1 Nxc3 36. bxc3 R5xe3 37. Qxg3 Re1+ 38. Kg2 R3e2+ 39. Kh3 Rh1+ 40.
Kg4 Ree1 41. Qb8+ Kh7 42. Qc7 Rhg1+ 43. Kh3 Kh6 44. Qf4+ Rg5 {White resigns} 0-1

[Event "Team 45 45 League T48"]
[Site "Internet Chess Club"]
[Date "2011.03.13"]
[Round "5"]
[White "rayonline53"]
[Black "Chess2Play"]
[Result "1-0"]
[WhiteElo "1590"]
[BlackElo "1541"]
[Opening "Polish (Sokolsky) opening"]
[ECO "A00"]
[Time "18:31:10"]
[TimeControl "2700+45"]

1. b4 e5 2. Bb2 Bxb4 3. Bxe5 Nf6 4. Nf3 d6 5. Bb2 O-O 6. g3 Re8 7. Bg2 Nc6 8.
O-O Bg4 9. c3 Bxf3 10. Bxf3 Ba5 11. Na3 d5 12. Nc2 Ne5 13. Bg2 Qe7 14. Ne3 Rad8
15. Qc2 Bb6 16. d4 Nc4 17. Nxc4 dxc4 18. e3 c5 19. a4 Ne4 20. a5 Bc7 21. Ba3 b6
22. axb6 Bxb6 23. Rfd1 f5 24. Bxe4 Qxe4 25. Qxe4 Rxe4 26. dxc5 Bc7 27. Rxd8+
Bxd8 28. Rd1 Be7 29. Rd4 Re6 30. Rxc4 Rc6 31. Kf1 h5 32. h4 Kf7 33. Ke2 g6 34.
Kd3 a5 35. Kd4 Rc8 36. Ra4 Bf6+ 37. Kc4 Bd8 38. Kd5 Rb8 39. c4 Rb3 40. Kc6 Rb1
41. Kd7 Rd1+ 42. Kc8 Ke8 43. c6 Bb6 44. Kb7 Bd8 45. Bc5 Rb1+ 46. Kc8 Bb6 47.
Bxb6 Rxb6 48. Kc7 Rb2 49. Rxa5 Rc2 50. c5 Rxf2 51. Kb6 Rb2+ 52. Rb5 Ra2 53. c7
Kd7 54. Kb7 Ra8 55. Kxa8 Kxc7 56. Ka7 Kc6 57. Ka6 Kd5 58. Kb6 Ke4 59. c6 Kf3 60.
c7 Kxg3 61. c8=Q Kxh4 62. Qc4+ Kg5 63. Qf4+ Kf6 64. e4 h4 65. Qxh4+ Ke6 66.
exf5+ Kf7 67. fxg6+ Ke6 68. Ka5 Kd7 69. Qf6 Kc7 70. Ka6 Kd7 71. Rb7+ Kc8 72.
Qh8# {Black checkmated} 1-0

[Event "Team 45 45 League T48"]
[Site "Internet Chess Club"]
[Date "2011.03.11"]
[Round "5"]
[White "drsigmund1"]
[Black "Giacometti"]
[Result "0-1"]
[WhiteElo "1451"]
[BlackElo "1742"]
[Opening "Caro-Kann: Goldman (Spielmann) variation"]
[ECO "B10"]
[Time "20:00:26"]
[TimeControl "2700+45"]

1. e4 c6 2. Qf3 d5 3. Nc3 d4 4. Bc4 e6 5. Nce2 Nf6 6. e5 Nfd7 7. Qg3 Nb6 8. Bb3
c5 9. c4 g6 10. d3 Bg7 11. Nf3 Nc6 12. a3 Qc7 13. Bf4 Nd7 14. Ba4 Qa5+ 15. Bd2
Qxa4 16. O-O Ncxe5 17. Nxe5 Nxe5 18. Bf4 Nd7 19. b3 Qc6 20. b4 Nf6 21. bxc5 Nh5
22. Qh4 Nxf4 23. Qxf4 Qxc5 24. Ng3 O-O 25. Ne4 Qf5 26. Qc7 Be5 27. Qe7 b6 28. f4
Bg7 29. Rad1 e5 30. fxe5 Qxe5 31. Nf6+ Bxf6 32. Qxf6 Qxf6 33. Rxf6 Bf5 34. h3
Rfe8 35. g4 Be6 36. a4 Kg7 37. Rf4 f5 38. Rxd4 fxg4 39. hxg4 Rad8 40. Rf4 Bd7
41. Ra1 Re3 42. d4 Rg3+ 43. Kf2 Rxg4 44. Rxg4 Bxg4 45. d5 Rc8 46. Rc1 Rc5 47.
Ke3 Bd7 48. Kd4 Bxa4 49. Ra1 Ra5 50. d6 Kf7 51. c5 bxc5+ 52. Kc4 Bb5+ 53. Kxc5
{White resigns} 0-1

[Event "Team 45 45 League T48"]
[Site "Internet Chess Club"]
[Date "2011.03.13"]
[Round "5"]
[White "SeniorCitizen"]
[Black "sdcohle"]
[Result "0-1"]
[WhiteElo "1328"]
[BlackElo "1420"]
[Opening "French: advance, Steinitz variation"]
[ECO "C02"]
[Time "15:00:40"]
[TimeControl "2700+45"]

1. e4 e6 2. d4 d5 3. e5 c5 4. dxc5 Bxc5 5. Qg4 g6 6. Nf3 Nd7 7. Bd3 Bf8 8. O-O
Bg7 9. Re1 Ne7 10. Qh4 O-O 11. Bh6 Nf5 12. Qxd8 Rxd8 13. Bxg7 Nxg7 14. Nbd2 b6
15. Nd4 Bb7 16. Bb5 a6 17. Ba4 Nc5 18. Bc6 Rac8 19. Bxb7 Nxb7 20. c3 b5 21. N2f3
Nc5 22. Nb3 Nd3 23. Re2 Nc5 24. Nxc5 Rxc5 25. Rc1 Nf5 26. g4 Ne7 27. Nd4 Rdc8
28. Rd2 Rc4 29. Rdc2 Nc6 30. Nxc6 Rxg4+ 31. Kf1 Rxc6 32. b3 Re4 33. Re2 Rxe2 34.
Kxe2 Kf8 35. Kd3 Ke7 36. Rc2 a5 37. Kd4 Kd7 38. Kd3 Kc7 39. c4 bxc4+ 40. bxc4
dxc4+ 41. Rxc4 Rxc4 42. Kxc4 Kc6 43. a4 h5 44. h4 Kb6 45. Kd4 Kc6 46. Kc4 g5
{White resigns} 0-1

[Event "Team 45 45 League T48"]
[Site "Internet Chess Club"]
[Date "2011.03.13"]
[Round "5"]
[White "egyptiantiger"]
[Black "Monsoon-Smith"]
[Result "1/2-1/2"]
[WhiteElo "2035"]
[BlackElo "1951"]
[Opening "King's Indian: orthodox, Aronin-Taimanov, bayonet attack"]
[ECO "E97"]
[Time "18:13:14"]
[TimeControl "2700+45"]

1. d4 Nf6 2. Nf3 g6 3. c4 Bg7 4. Nc3 O-O 5. e4 d6 6. Be2 e5 7. O-O Nc6 8. d5 Ne7
9. b4 a5 10. bxa5 c5 11. dxc6 Nxc6 12. Be3 Qxa5 13. Qb3 Nd7 14. Nb5 Nc5 15. Qc2
Rd8 16. Rfd1 Bg4 17. h3 Bxf3 18. Bxf3 Ne6 19. Rxd6 Ncd4 20. Rxd8+ Rxd8 21. Qb2
Nxf3+ 22. gxf3 Rd3 23. Qe2 Qd8 24. Rc1 Nf4 25. Bxf4 exf4 26. e5 Rd2 27. Qe1 Rxa2
28. Nc3 Ra6 29. Nd5 Qg5+ 30. Kh2 Bxe5 31. Qe4 Ra2 32. Rf1 Qg3+ 33. Kh1 Qxh3+ 34.
Kg1 Qe6 35. Re1 Ra1 36. Rxa1 Bxa1 37. Qxf4 Be5 38. Qe4 Qd6 39. f4 Bb2 40. Qe8+
Kg7 41. Qb5 Bd4 42. Qxb7 g5 43. Qc8 gxf4 44. Qg4+ Qg6 45. Qxg6+ hxg6 46. Nxf4
Kf6 47. Kg2 Ke5 48. Kf3 {Game drawn by mutual agreement} 1/2-1/2

[Event "Team 45 45 League T48"]
[Site "Internet Chess Club"]
[Date "2011.03.14"]
[Round "5"]
[White "Freitac"]
[Black "Dreamshell"]
[Result "1/2-1/2"]
[WhiteElo "1995"]
[BlackElo "1889"]
[Opening "Benoni: fianchetto variation"]
[ECO "A62"]
[Time "20:03:12"]
[TimeControl "2700+45"]

1. d4 Nf6 2. c4 e6 3. g3 c5 4. d5 exd5 5. cxd5 d6 6. Nc3 g6 7. Bg2 Bg7 8. Nf3
O-O 9. O-O Re8 10. Nd2 Na6 11. h3 Rb8 12. a4 Nc7 13. Nc4 a6 14. Bf4 Bf8 15. a5
Nb5 16. Re1 Bf5 17. g4 Nxc3 18. bxc3 Be4 19. Bg5 h6 20. Bxf6 Qxf6 21. f3 Bxd5
22. Qxd5 Qxc3 23. Nxd6 Bxd6 24. Qxd6 Rbd8 25. Qb6 Rd2 26. Qxb7 Rexe2 27. Rxe2
Qxa1+ 28. Kf2 Qd4+ 29. Kf1 Rd1+ 30. Re1 Qd3+ 31. Kf2 Qd4+ 32. Kf1 Qd3+ 33. Kf2
Qd4+ {Game drawn by mutual agreement} 1/2-1/2

[Event "Team 45 45 League T48"]
[Site "Internet Chess Club"]
[Date "2011.03.16"]
[Round "5"]
[White "Alphalegacy"]
[Black "Uragon-bocho"]
[Result "0-1"]
[WhiteElo "1962"]
[BlackElo "1968"]
[Opening "Caro-Kann: exchange, Rubinstein variation"]
[ECO "B13"]
[Time "15:42:07"]
[TimeControl "2700+45"]

1. e4 c6 2. d4 d5 3. exd5 cxd5 4. Bd3 Nc6 5. c3 Nf6 6. Bf4 Bg4 7. Nf3 e6 8. Nbd2
Bd6 9. Bxd6 Qxd6 10. Qe2 O-O 11. O-O Rfe8 12. Rfe1 e5 13. dxe5 Nxe5 14. Qf1
Nxf3+ 15. Nxf3 Bxf3 16. gxf3 Qf4 17. Qh3 g6 18. Bb5 Rxe1+ 19. Rxe1 d4 20. Qg3
Qf5 21. Qe5 Qxe5 22. Rxe5 dxc3 23. bxc3 Rc8 24. Re7 a6 25. Ba4 Rxc3 26. Kg2 Nd5
27. Rxb7 Nf4+ 28. Kg3 Ne2+ 29. Kg2 Nf4+ 30. Kg3 Ne2+ 31. Kg2 Nd4 32. Bb3 Rxf3
33. Rd7 Rf4 34. Bxf7+ Rxf7 35. Rxd4 Kg7 36. Kg3 Rf6 37. f4 Rc6 38. Rd3 Kf6 39.
a3 a5 40. Kf3 Rb6 41. Ke4 h5 42. Rd5 Re6+ 43. Kd3 Ra6 44. a4 Ke6 45. Kd4 Rd6 46.
Rxd6+ Kxd6 47. h4 Ke6 48. Kc5 Kf5 49. Kb5 Kxf4 50. Kxa5 g5 51. hxg5 Kxg5 52. Kb6
h4 53. a5 h3 54. a6 h2 55. Kb7 h1=Q+ 56. Kb8 Qb1+ 57. Ka8 Qe4+ 58. Kb8 Qb4+ 59.
Ka8 Qc5 60. a7 Qc8# {White checkmated} 0-1

[Event "Team 45 45 League T48"]
[Site "Internet Chess Club"]
[Date "2011.03.09"]
[Round "5"]
[White "AntonioMendonca"]
[Black "musk6868"]
[Result "0-1"]
[WhiteElo "1512"]
[BlackElo "1931"]
[Opening "Sicilian defense"]
[ECO "B20"]
[Time "18:30:50"]
[TimeControl "2700+45"]

1. e4 c5 2. b3 Nc6 3. Bb2 d6 4. Nc3 Nf6 5. Bc4 g6 6. d3 Bg4 7. f3 Bd7 8. Nge2
Bg7 9. Qd2 O-O 10. f4 a6 11. a4 Rb8 12. Rb1 Nd4 13. Nxd4 cxd4 14. Ne2 b5 15.
axb5 axb5 16. Bxf7+ Rxf7 17. Nxd4 Qb6 18. Nf3 Rff8 19. Bd4 Qc6 20. O-O Bg4 21.
Bb2 b4 22. h3 Bxf3 23. Rxf3 Rfc8 24. Rf2 e6 25. g4 Nd7 26. Bxg7 Kxg7 27. f5 e5
28. fxg6 hxg6 29. Qg5 Rf8 30. Rbf1 Rxf2 31. Rxf2 Re8 32. h4 Re6 33. h5 Nf8 34.
h6+ Kg8 35. Rf6 Qe8 36. Qh4 Nh7 37. g5 Nxf6 38. gxf6 Kh7 39. Qe1 Qf7 40. Qxb4
Rxf6 41. Qe1 Rf4 42. Qg3 Rf3 43. Qg2 Qf4 44. Qe2 Rg3+ 45. Kh1 Qh4+ 46. Qh2 Rh3
{White resigns} 0-1

[Event "Team 45 45 League T48"]
[Site "Internet Chess Club"]
[Date "2011.03.19"]
[Round "5"]
[White "Geeloo"]
[Black "chiiwen"]
[Result "1/2-1/2"]
[WhiteElo "2096"]
[BlackElo "2162"]
[Opening "Sicilian: Kan, 5.Bd3"]
[ECO "B42"]
[Time "18:02:48"]
[TimeControl "2700+45"]

1. e4 c5 2. Nf3 e6 3. d4 cxd4 4. Nxd4 a6 5. Bd3 Nf6 6. O-O Qc7 7. Nc3 d6 8. Kh1
Be7 9. f4 Nbd7 10. Qf3 b5 11. a3 Bb7 12. Bd2 O-O 13. Rae1 Rad8 14. Rf2 Rfe8 15.
Rfe2 Bf8 16. Qg3 Nc5 17. f5 exf5 18. Nxf5 Re6 19. Qh3 Rde8 20. Qh4 h6 21. h3 Qd8
22. b4 Nxd3 23. cxd3 Qa8 24. Qg3 Kh7 25. Qf4 Nh5 26. Qg4 g6 27. Qf3 Rf6 28. Qg4
Rfe6 29. Qf3 Qd8 30. Nxh6 Bxh6 31. Qxf7+ Bg7 32. Qxb7 Ng3+ 33. Kg1 Nxe2+ 34.
Rxe2 Qc8 35. Qxc8 Rxc8 36. Nd5 Rc2 37. Kf2 Bb2 38. Be1 Rxe2+ 39. Kxe2 Bxa3 40.
Nc7 Re7 41. Nxa6 Bb2 42. Bf2 Bf6 43. Bb6 Rb7 44. Ba5 Kg8 45. Ke3 Kf7 46. d4 g5
47. Kd3 Ke8 48. Nc7+ Kd7 49. Nd5 Bd8 50. Bxd8 Kxd8 51. e5 Kd7 52. Ke4 Ke6 53.
Nc3 dxe5 54. dxe5 Rf7 55. Ne2 Rf2 56. Nd4+ Ke7 57. g3 Rh2 58. h4 gxh4 59. Nf5+
Ke6 60. Nd4+ Kd7 61. gxh4 Rxh4+ 62. Kd5 Rh1 63. e6+ Ke7 64. Nf5+ Kf6 65. e7 Re1
66. Nd6 Kxe7 67. Nxb5 Rb1 68. Kc5 Kd7 69. Nd4 Rc1+ 70. Kb5 Kd6 71. Nb3 Rc8 72.
Na5 Kd5 73. Kb6 Rb8+ 74. Nb7 Kc4 75. b5 Rh8 76. Kc6 Rc8+ 77. Kb6 Kb4 78. Ka6
Ra8+ 79. Kb6 Ra1 80. Nd6 Rd1 81. Nb7 Rd5 82. Kc6 Rxb5 83. Nd6 Rh5 84. Nb7 Rh6+
85. Nd6 Rg6 86. Kd5 Rg1 87. Kc6 Rd1 88. Nb7 Kc4 89. Nd6+ Kd4 90. Nb5+ Ke5 91.
Kc5 Rc1+ 92. Kb4 Kd5 93. Nc3+ Kc6 94. Kc4 Rh1 95. Kd4 Rh5 96. Ne4 Rf5 97. Nc3
Kd6 98. Ne4+ Ke6 99. Nc5+ Ke7 100. Ne4 Rf1 101. Ke5 Re1 102. Kd4 Ke6 103. Nc5+
Kf5 104. Kd5 Rd1+ 105. Kc4 Rd8 106. Nd3 Ke4 107. Nc5+ Ke3 108. Kc3 Rd4 109. Nb3
Rh4 110. Nc5 Rh8 111. Kc4 Rd8 112. Kc3 Rd6 113. Kc4 Rd2 114. Kc3 Rd1 115. Kc4
{Game drawn by mutual agreement} 1/2-1/2

[Event "Team 45 45 League T48"]
[Site "Internet Chess Club"]
[Date "2011.03.20"]
[Round "5"]
[White "AronT"]
[Black "spunni"]
[Result "1/2-1/2"]
[WhiteElo "2068"]
[BlackElo "1829"]
[Opening "QGA: classical, 8...Bb7"]
[ECO "D29"]
[Time "07:57:26"]
[TimeControl "2700+45"]

1. d4 d5 2. c4 dxc4 3. e3 Nf6 4. Bxc4 e6 5. Nf3 c5 6. O-O a6 7. Qe2 b5 8. Bb3
Bb7 9. dxc5 Bxc5 10. Rd1 Nbd7 11. a4 b4 12. Nbd2 O-O 13. Nc4 Qc7 14. Bd2 Rfd8
15. Rac1 Rac8 16. Be1 Bc6 17. Nd4 Bd5 18. Nd2 Qb6 19. Bxd5 Bxd4 20. Nc4 Qb8 21.
Bf3 Ba7 22. Na5 Rxc1 23. Rxc1 Ne5 24. Nc6 Nxc6 25. Rxc6 a5 26. g3 Rd6 27. Qc2
Rxc6 28. Qxc6 Qd8 29. Kf1 h6 30. Ke2 Nd7 31. Qa8 Bb6 32. Qxd8+ Bxd8 33. Bd2 Kf8
34. Bc6 Nc5 35. e4 Bf6 {Game drawn by mutual agreement} 1/2-1/2

[Event "Team 45 45 League T48"]
[Site "Internet Chess Club"]
[Date "2011.03.15"]
[Round "5"]
[White "perikitosax"]
[Black "Atlantis"]
[Result "1-0"]
[WhiteElo "1973"]
[BlackElo "1850"]
[Opening "Nimzo-Indian: Kmoch variation"]
[ECO "E20"]
[Time "16:08:58"]
[TimeControl "2700+45"]

1. d4 Nf6 2. c4 e6 3. Nc3 Bb4 4. f3 d5 5. a3 Be7 6. e4 c6 7. e5 Nfd7 8. cxd5
cxd5 9. Bd3 Nc6 10. Nge2 f5 11. exf6 Bxf6 12. Be3 O-O 13. Qc2 g6 14. O-O-O Nb6
15. b3 Bd7 16. h4 Qe7 17. Kb2 Qg7 18. h5 Be8 19. hxg6 Bxg6 20. Bxg6 Qxg6 21. Qd2
Bg7 22. Rh3 Kf7 23. Nf4 Qf6 24. Nh5 Qg6 25. Nxg7 Qxg7 26. Bh6 Qg6 27. Bxf8 Rxf8
28. Rdh1 Rh8 29. Qf4+ Kg7 30. Rg3 {Black resigns} 1-0

[Event "Team 45 45 League T48"]
[Site "Internet Chess Club"]
[Date "2011.03.12"]
[Round "5"]
[White "Ben777"]
[Black "CapitanTrueno"]
[Result "0-1"]
[WhiteElo "1779"]
[BlackElo "1760"]
[Opening "Scotch: Mieses variation"]
[ECO "C45"]
[Time "18:03:17"]
[TimeControl "2700+45"]

1. e4 e5 2. Nf3 Nc6 3. d4 exd4 4. Nxd4 Nf6 5. Nxc6 bxc6 6. e5 Qe7 7. Qe2 Nd5 8.
c4 Ba6 9. b3 g5 10. h4 gxh4 11. Bb2 Bg7 12. Qe4 d6 13. cxd5 Bxf1 14. Rxf1 O-O
15. Nd2 cxd5 16. Qxd5 dxe5 17. O-O-O Rfd8 18. Qe4 Qg5 19. Kb1 Rab8 20. Nf3 Qxg2
21. Rxd8+ Rxd8 22. Rg1 Qxf2 23. Rxg7+ Kxg7 24. Qxe5+ Kf8 25. Qh8+ Ke7 26. Bf6+
Ke6 27. Ng5+ Kf5 28. Qxd8 Qf1+ 29. Kc2 Qe2+ 30. Kc3 Qe3+ 31. Kb4 Qb6+ 32. Ka3
Qxf6 33. Qd5+ Qe5 34. Qxe5+ Kxe5 35. Nf3+ Kf4 36. Nxh4 h5 37. Kb4 Kg4 38. Ng2 h4
39. Kc4 h3 40. Ne3+ Kf3 41. Nf1 Kf2 42. Nh2 Kg2 43. Ng4 f5 {White resigns} 0-1

[Event "Team 45 45 League T48"]
[Site "Internet Chess Club"]
[Date "2011.03.11"]
[Round "5"]
[White "houseofcook"]
[Black "ElMarginal"]
[Result "0-1"]
[WhiteElo "1390"]
[BlackElo "1477"]
[Opening "Petrov: modern (Steinitz) attack"]
[ECO "C43"]
[Time "15:06:30"]
[TimeControl "2700+45"]

1. e4 e5 2. Nf3 Nf6 3. d4 exd4 4. e5 Qe7 5. Be2 Nd5 6. Qxd4 Qb4+ 7. Bd2 Qxd4 8.
Nxd4 Be7 9. Nc3 Nxc3 10. Bxc3 a6 11. O-O O-O 12. Nf5 Nc6 13. Nxe7+ Nxe7 14. Rad1
Ng6 15. f4 Rd8 16. f5 Nf8 17. f6 g6 18. h4 b6 19. h5 c5 20. hxg6 Nxg6 21. Rd6 b5
22. Rf5 b4 23. Bd2 Re8 24. Bf3 Ra7 25. Rg5 Rxe5 26. Rxe5 Nxe5 27. Bd5 a5 28. Bf4
Ng6 29. Bg3 Ba6 30. Bf2 Be2 31. Be4 Rc7 32. Be3 Bc4 33. b3 Be6 34. Bh6 Ne5 35.
Ra6 d6 36. Rxd6 Rd7 37. Ra6 Rd8 38. Rxa5 Ng4 39. Bg7 Rd1# {White checkmated} 0-1